 Dungeon Crawl Stone Soup version 0.29-a0-1047-g7c58e119a4 (webtiles) character file.

Game seed: 14268354639448371739

5 Zeldest the Chopper (level 2, 0/26 HPs)
             Began as a Meteoran Chaos Knight on Aug 16, 2022.
             Was a Plaything of Xom.
             Slain by a jackal (4 damage)
             ... on level 1 of the Dungeon.
             The game lasted 00:01:21 (240 turns).

Zeldest the Chopper (Meteoran Chaos Knight)          Turns: 240, Time: 00:01:22

Health: 0/26       AC:  5    Str: 13    XL:     2   Next: 5%
Magic:  3/3        EV: 11    Int: 13    God:    Xom [..*...]
Gold:   55         SH:  0    Dex: 13    Spells: 1/1 levels left

rFire   . . .      SeeInvis .   a - +0 hand axe (chaos)
rCold   . . .      Faith    .   (no shield)
rNeg    . . .      Spirit   .   b - +2 leather armour
rPois   .          Reflect  .   (no helmet)
rElec   .          Harm     .   (no cloak)
rCorr   .          Rampage  .   (no gloves)
Will    .....                   (no boots)
Stlth   +.........              (no amulet)
HPRegen 0.08/turn               (no ring)
MPRegen 0.08/turn               (no ring)

@: glowing
A: sense surroundings 1, otherworldly, glowing, explore regen
a: Renounce Religion


You were on level 1 of the Dungeon.
You worshipped Xom.
You were a toy of Xom.
You visited 1 branch of the dungeon, and saw 2 of its levels.

You collected 55 gold pieces.

Inventory:

Hand Weapons
 a - a +0 hand axe of chaos (weapon)
 h - a +0 vorpal mace
Armour
 b - a +2 leather armour (worn)
Scrolls
 d - a scroll of fear {unknown}
 g - a scroll of magic mapping {unknown}
Potions
 e - a potion of degeneration {unknown}
 f - a potion of flight {unknown}
Miscellaneous
 c - a piece from Xom's chessboard (15/15) (quivered)


   Skills:
 + Level 3.4 Fighting
 + Level 3.8 Axes
 - Level 2.4 Armour
 + Level 1.6 Dodging


You had one spell level left.
You didn't know any spells.
Your spell library was empty.

Dungeon Overview and Level Annotations

Branches:
Dungeon (2/15) Zot: 956

Altars:

Shops:
D:1 =


Innate Abilities, Weirdness & Mutations

You passively map a small area around you.
You are easily found by Zot.
You glow in the dark.
You regain HP and MP as you explore.


Message History

The jackal bites you but does no damage.
An orc comes into view. It is wielding a +0 short sword.
The adder misses you.
The jackal bites you but does no damage.
You hit the jackal but do no damage. You hit the jackal. You hit the adder.
Something hits you! The jackal bites you.
A kobold comes into view. It is wielding a +0 dagger.
The adder bites you but does no damage. The jackal bites you.
The jackal bites you but does no damage.
Something hits you but does no damage.
You barely miss the adder.
The adder is moderately wounded.
You barely miss something. You miss the jackal.
You hit the jackal but do no damage.
Xom guffaws.
You attempt to intoxicate your foes!
Something hits you but does no damage. The adder misses you.
The jackal bites you but does no damage. x3
The adder bites you but does no damage. The jackal completely misses you.
Something hits you. The jackal misses you.
The adder bites you but does no damage.
The jackal bites you but does no damage.
You climb upwards.
Reactivating autopickup.
You feel less stealthy.
There is a stone staircase leading down here.
You closely miss the jackal. Your punch misses the jackal.
You hit the adder but do no damage.
The adder seems to slow down.
You hit the jackal.
The jackal flickers and vanishes!
Deactivating autopickup; reactivate with Ctrl-A.
Something bites you.
The jackal bites you but does no damage.
The adder bites you but does no damage. Something bites you but does no damage.
You barely miss the jackal. You barely miss something. You miss the adder.
The jackal barely misses you. Something bites you.
* * * LOW HITPOINT WARNING * * *
The adder bites you but does no damage. The jackal closely misses you.
You barely miss the jackal. You hit the adder but do no damage.
You closely miss something. Something bites you.
You die...

############
...........#
...........#
...........#
...........#######
...............S@#
............#..h{###
...........)#.#....#
.................#.#
...^.......##.#..#.#
.##+#...#.....#..#.####
* .....#######..#....#
#).....# ###..#* *
#......# #######..#*,


You could see an adder (slow) and a jackal.

Vanquished Creatures
  A bat (D:1)
  A goblin (D:1)
  A hobgoblin (D:1)
  A frilled lizard (D:1)
  A rat (D:1)
5 creatures vanquished.

Notes
Turn   | Place    | Note
-------+----------+-------------------------------------------
     0 | D:1      | Zeldest the Meteoran Chaos Knight began the quest for the
                  | Orb.
     0 | D:1      | Reached XP level 1. HP: 19/19 MP: 2/2
   169 | D:1      | Found Kimny's Jewellery Shoppe.
   187 | D:1      | XOM: silly message
   194 | D:1      | Reached XP level 2. HP: 26/26 MP: 3/3
   228 | D:2      | XOM: stealth player
   231 | D:2      | Noticed a shapeshifter
   231 | D:2      | a dart slug changed into a shapeshifter
   231 | D:2      | a shapeshifter changed into something unseen
   235 | D:2      | XOM: cast spell 'Alistair's Intoxication'
   240 | D:1      | Slain by a jackal

Illustrated notes

Levels and vault maps discovered:
D:1:      dpeg_arrival_fog, layout_basic, shapermc_ecumenical_altar_mp_vishouse,
          serial_shops, nicolae_square_shop, minmay_stone_trees_small
D:2:      layout_rooms, basic_altar

Action                   || total
-------------------------++-------
Melee: Hand axe          ||    19
Armor: Leather armour    ||    29
Dodge: Dodged            ||    14

Table legend: (Time is in decaauts)
 A = Elapsed time spent in this place.
 B = Non-inter-level travel time spent in this place.
 C = Inter-level travel time spent in this place.
 D = Time resting spent in this place.
 E = Time spent auto-exploring this place.
 F = Levels seen in this place.
 G = Mean time per level.
                   A        B        C        D        E       F      G
               +--------+--------+--------+--------+--------+-----+--------+
         Total |    242 |    242 |      0 |      0 |      0 |   2 |  121.0 |
       Dungeon |    242 |    242 |      0 |      0 |      0 |   2 |  121.0 |
               +--------+--------+--------+--------+--------+-----+--------+

Top non-repeatable levels by time:
     D:1: 232 daAuts
     D:2: 9 daAuts
